 Dungeon Crawl Stone Soup version 0.23-a0-821-gecd3555 (webtiles) character file.

1223 robertstho the Agent of Entropy (level 8, -11/61 HPs)
             Began as a Demonspawn Abyssal Knight on Jan 22, 2019.
             Was a Priest of Lugonu.
             Mangled by a hornet (14 damage)
             ... while paralysed by a hornet
             ... on level 7 of the Dungeon.
             The game lasted 00:08:51 (4847 turns).

robertstho the Agent of Entropy (DsAK)              Turns: 4847, Time: 00:08:52

Health: -11/61     AC:  9    Str: 15    XL:     8   Next: 23%
Magic:  12/12      EV:  2    Int: 13    God:    Lugonu [***...]
Gold:   387        SH:  0    Dex: 13    Spells: 7/7 levels left

rFire    x . .     SeeInvis +   l - +3 quarterstaff (chaos)
rCold    + . .     Gourm    .   (shield currently unavailable)
rNeg     . . .     Faith    .   C - +0 scale mail (curse)
rPois    .         Spirit   .   (helmet restricted)
rElec    .         Reflect  .   p - +0 cloak
rCorr    .         Harm     .   s - +0 pair of gloves
MR       .....                  (no boots)
Stlth    +.........             q - amulet of rage
HPRegen  0.20/turn              h - ring of ice
MPRegen  0.13/turn              d - ring of see invisible

@: paralysed, lethally poisoned (-11 -> -19), slowed
A: horns 2, talons 1, nightstalker 1, spiny 1
a: Depart the Abyss, Bend Space, Banish, Renounce Religion, Evoke Berserk Rage


You were on level 7 of the Dungeon.
You worshipped Lugonu.
Lugonu was most pleased with you.
You were not hungry.

You visited 1 branch of the dungeon, and saw 7 of its levels.
You visited the Abyss 1 time.

You collected 387 gold pieces.

Inventory:

Hand Weapons
 a - a +1 spear
 j - a +1 halberd of flaming
 l - a +3 quarterstaff of chaos (weapon)
Armour
 p - a +0 cloak (worn)
 s - a +0 pair of gloves (worn)
 w - a +0 chain mail
 C - a cursed +0 scale mail (worn)
Jewellery
 d - a ring of see invisible (right hand)
 h - a ring of ice (left hand)
 q - an amulet of rage (around neck)
 D - a cursed amulet of inaccuracy {unknown}
Wands
 o - a wand of disintegration (2)
 y - a wand of paralysis (7)
 G - a wand of iceblast (11)
 H - a wand of random effects (13)
Scrolls
 b - 4 scrolls of teleportation {unknown}
 g - 2 scrolls of remove curse
 i - a scroll of fear {unknown}
 n - 3 scrolls of enchant armour {unknown}
 t - a scroll of fog {unknown}
 v - 3 scrolls of magic mapping {unknown}
 z - 3 scrolls of enchant weapon {unknown}
 B - a scroll of immolation {unknown}
 E - a scroll of holy word {unknown}
 F - 2 scrolls of random uselessness {unknown}
Potions
 e - 2 potions of cancellation {unknown}
 f - 3 potions of curing {unknown}
 m - a potion of berserk rage {unknown}
 r - a potion of invisibility {unknown}
 u - 2 potions of flight
 x - a potion of agility {unknown}
 A - a potion of haste
Comestibles
 c - 13 rations
 k - a chunk of flesh


   Skills:
 + Level 4.7 Fighting
 * Level 4.3(5.3) Polearms
 + Level 4.6(5.5) Staves
 + Level 4.0 Armour
 + Level 1.4 Dodging
 + Level 0.6 Stealth
 * Level 5.8 Invocations
 + Level 0.2 Evocations


You had 7 spell levels left.
You didn't know any spells.
Your spell library was empty.

Dungeon Overview and Level Annotations

Branches:
Dungeon (7/15)             Temple (0/1) D:5

Altars:
Cheibriados
Okawaru
Sif Muna
Uskayaw
The Shining One

Annotations:
D:5 2 runed doors, 420StarChild's ghost, amateur DsWr; Duvessa


Innate Abilities, Weirdness & Mutations

You have a pair of horns on your head.
You have sharp toenails.
You are slightly more attuned to the shadows.
You are partially covered in sharp spines.


Message History

The hornet barely misses you. The hornet is struck by your spines.
The hornet stings you!
You feel yourself slow down.
Your scale mail prevents you from hitting the hornet.
Your kick misses the hornet.
The hornet is lightly wounded.
You feel yourself speed up. The hornet closely misses you.
The hornet stings you!
You feel yourself slow down.
You barely miss the hornet. Your kick misses the hornet.
The hornet is lightly wounded.
The hornet stings you!
You are poisoned.
You suddenly lose the ability to move!
The hornet is struck by your spines. The hornet stings you!
* * * LOW HITPOINT WARNING * * *
You feel as though you will be slow longer.
You feel sick. The hornet is struck by your spines. The hornet stings you!
* * * LOW HITPOINT WARNING * * *
You shrug off the repeated paralysis!
The hornet stings you!
You die...

##......รท###....##.....#.....
...##....##.##.........#.....
.. ##............#.....##....
..##........##..##...........
...........####...#..........
...#.......# ....####.......
..##......####...............
...>.........y.#......#......
.........#.@###.............
..#..>........#..............
..#.......................###
##...#.##.##............##.
......#... ............##.
....$..............##.....
.... .._................. ...
............#.....
.......###....<


You could see a hornet.

Vanquished Creatures
  2 phantoms
  2 centaurs
  A scorpion (D:5)
  Dowan (D:5)
  A howler monkey (D:6)
  2 crimson imps
  A bullfrog zombie (D:6)
  A centaur zombie (D:5)
  3 hounds
  Crazy Yiuf (D:2)
  5 orc wizards
  Ijyb (D:4)
  3 iguanas
  3 worker ants (D:5)
  2 hound zombies (D:5)
  A hound skeleton (D:7)
  3 adders
  An ooze (D:6)
  An adder zombie (D:6)
  A worm (D:3)
  A dart slug (D:1)
  3 leopard geckos
  21 orcs
  A ball python (D:1)
  5 giant cockroaches
  2 goblins
  4 hobgoblins
  16 jackals
  5 quokkas
  3 bats
  5 frilled lizards
  A jackal skeleton (D:4)
  8 kobolds
  2 quokka skeletons
  5 rats
118 creatures vanquished.

Notes
Turn   | Place    | Note
-------+----------+-------------------------------------------
     0 | Abyss:1  | robertstho the Demonspawn Abyssal Knight began the quest
                  | for the Orb.
     0 | Abyss:1  | Reached XP level 1. HP: 18/18 MP: 2/2
   128 | Abyss:1  | Found a corrupted altar of Lugonu.
   177 | Abyss:1  | Noticed a neqoxec
   178 | D:1      | Escaped the Abyss
   463 | D:1      | Gained mutation: You have a pair of small horns on your
                  | head. [demonic ancestry]
   463 | D:1      | Reached XP level 2. HP: 19/24 MP: 4/4
   470 | D:1      | Reached * piety under Lugonu
   693 | D:1      | Reached skill level 3 in Invocations
   707 | D:1      | Gained mutation: You are partially covered in sharp spines.
                  | [demonic ancestry]
   707 | D:1      | Reached XP level 3. HP: 7/29 MP: 5/5
  1585 | D:2      | Found a runed door.
  1761 | D:2      | Reached ** piety under Lugonu
  1761 | D:2      | Reached skill level 1 in Dodging
  2004 | D:2      | Noticed Crazy Yiuf
  2011 | D:2      | Killed Crazy Yiuf
  2011 | D:2      | Reached XP level 4. HP: 37/37 MP: 6/6
  2529 | D:3      | Found a glowing golden altar of the Shining One.
  2744 | D:3      | Found a snail-covered altar of Cheibriados.
  2875 | D:4      | Gained mutation: You have a pair of horns on your head.
                  | [demonic ancestry]
  2875 | D:4      | Reached XP level 5. HP: 38/42 MP: 7/7
  2927 | D:4      | Noticed Ijyb
  2933 | D:4      | Killed Ijyb
  2933 | D:4      | Reached skill level 1 in Staves
  3130 | D:4      | Reached XP level 6. HP: 48/48 MP: 8/8
  3347 | D:4      | Found a deep blue altar of Sif Muna.
  3423 | D:5      | Entered Level 5 of the Dungeon
  3447 | D:5      | Reached skill level 4 in Invocations
  3728 | D:5      | Found a runed door.
  3763 | D:5      | Gained mutation: You are slightly more attuned to the
                  | shadows. [demonic ancestry]
  3763 | D:5      | Reached XP level 7. HP: 51/54 MP: 10/10
  3807 | D:5      | Reached *** piety under Lugonu
  3893 | D:5      | Found a staircase to the Ecumenical Temple.
  3928 | D:5      | Reached skill level 5 in Invocations
  4001 | D:5      | Noticed Duvessa
  4001 | D:5      | Noticed Dowan
  4013 | D:5      | Killed Dowan
  4199 | D:5      | Found a runed door.
  4202 | D:5      | Noticed 420StarChild's ghost (amateur DsWr)
  4425 | D:6      | Gained mutation: You have sharp toenails. [demonic
                  | ancestry]
  4425 | D:6      | Reached XP level 8. HP: 57/61 MP: 12/12
  4728 | D:6      | Found a hide-covered altar of Uskayaw.
  4841 | D:7      | Found an iron altar of Okawaru.
  4841 | D:7      | Noticed a hornet
  4846 | D:7      | Paralysed by a hornet for 3 turns
  4847 | D:7      | HP: 3/61 [hornet (13)]
  4847 | D:7      | Mangled by a hornet

Vault maps used:
D:1:      tarquinn_simple_flora_water_b, st_stairs_6
D:2:      uniq_crazy_yiuf_cottage
D:3:      lemuel_coloured_pillars_altar, old_standard_altar, first_ration,
          minmay_checkerbox
D:4:      led_sif_book, nrook_mini_vaults, uniq_ijyb
D:5:      minmay_temple_entry_purple_smoke, ebering_ghost_sewer_f, uniq_duvessa
D:6:      kennysheep_little_box
D:7:      nicolae_overflow_crystal_walls, lemuel_doored_altar,
          okawaru_gym_becter, uniq_menkaure
Abyss:1:  hangedman_decor_points

Skill      XL: |  1  2  3  4  5  6  7  8 |
---------------+-------------------------+-----
Armour         | 2 3 4 |  4.0
Invocations    | 3 4 5 |  5.8
Polearms       | 2 3 4 |  4.3
Dodging        | 1 |  1.4
Fighting       | 4 |  4.7
Staves         | 1 3 4 |  4.6
Stealth        | |  0.6
Evocations     | |  0.2

Action                   |  1- 3 |  4- 6 |  7- 9 || total
-------------------------+-------+-------+-------++-------
Melee: Spear             |   123 |       |       ||   123
       Headbutt          |     7 |     8 |    12 ||    27
       Quarterstaff      |       |    90 |    83 ||   173
       Kick              |       |       |     4 ||     4
Invok: Depart the Abyss  |     1 |       |       ||     1
 Abil: Evoke Berserk Rag |     1 |       |       ||     1
  Use: Potion            |     1 |     1 |       ||     2
       Scroll            |       |     4 |       ||     4
  Eat: Chunk             |     3 |     4 |     3 ||    10
       Ration            |       |     1 |       ||     1
Armor: Leather armour    |    19 |       |       ||    19
       Scale mail        |    11 |    32 |    11 ||    54
       Chain mail        |       |     2 |    28 ||    30
Dodge: Dodged            |    51 |    41 |    31 ||   123

Table legend:
 A = Non-vault XP
 B = Vault XP
 C = Vault XP percentage of total XP
 D = Non-vault monster count
 E = Vault monster count
 F = Vault count percentage of total count
                 A         B        C        D         E       F
            +---------+---------+-------+---------+---------+-------
      Total |    1554 |     194 |  11.1 |     108 |      10 |   8.5
            +---------+---------+-------+---------+---------+-------
        D:1 |      44 |       5 |  10.2 |      25 |       2 |   7.4
        D:2 |      24 |      40 |  62.5 |      15 |       1 |   6.2
        D:3 |      67 |       7 |   9.5 |      10 |       4 |  28.6
        D:4 |     162 |      75 |  31.6 |      16 |       2 |  11.1
        D:5 |     725 |      67 |   8.5 |      28 |       1 |   3.4
        D:6 |     461 |       0 |   0.0 |      11 |       0 |   0.0
        D:7 |      71 |       0 |   0.0 |       3 |       0 |   0.0
            +---------+---------+-------+---------+---------+-------
